 Dungeon Crawl Stone Soup version 0.27.1 (webtiles) character file.

Game seed: 14352272291195262508

47 Malachi the Slasher (level 3, 0/30 HPs)
             Began as a Barachi Warper on Aug 21, 2021.
             Slain by Natasha (7 damage)
             ... on level 2 of the Dungeon.
             The game lasted 00:01:47 (2383 turns).

Malachi the Slasher (Barachi Warper)                Turns: 2383, Time: 00:01:48

Health: 0/30       AC:  3    Str: 13    XL:     3   Next: 70%
Magic:  15/15      EV: 11    Int: 13    God:
Gold:   42         SH:  0    Dex: 11    Spells: 4/6 levels left

rFire    . . .     SeeInvis .   a - +0 falchion
rCold    . . .     Faith    .   (no shield)
rNeg     . . .     Spirit   .   b - +0 leather armour
rPois    .         Reflect  .   (no helmet)
rElec    .         Harm     .   (no cloak)
rCorr    .         Rampage  .   (no gloves)
Will     .....                  (no boots)
Stlth    +.........             (no amulet)
HPRegen  0.10/turn              f - ring of magical power
MPRegen  0.14/turn              (no ring)

@: slow
A: amphibious, slowness 1, strong legs 1, +LOS
a: Hop


You were on level 2 of the Dungeon.
You visited 1 branch of the dungeon, and saw 2 of its levels.

You collected 42 gold pieces.

Inventory:

Hand Weapons
 a - a +0 falchion (weapon)
Missiles
 d - 5 boomerangs of dispersal (quivered)
Armour
 b - a +0 leather armour (worn)
Jewellery
 f - a ring of magical power (left hand)
Scrolls
 c - a scroll of blinking
 g - 2 scrolls of enchant armour {unknown}
 h - a scroll of fear {unknown}


   Skills:
 * Level 3.7 Fighting
 * Level 3.8 Long Blades
 - Level 1.0 Throwing
 - Level 1.2 Armour
 - Level 2.1 Dodging
 - Level 2.1 Spellcasting
 - Level 3.2 Translocations


You had 4 spell levels left.
You knew the following spells:

 Your Spells              Type           Power      Damage    Failure   Level
a - Blink                 Tloc           N/A        N/A       12%         2

Your spell library contained the following spells:

 Spells                   Type           Power      Damage    Failure   Level
 Gell's Gravitas          Tloc           4%         N/A       24%         3
 Lesser Beckoning         Tloc           4%         N/A       24%         3
 Teleport Other           Tloc           9%         N/A       24%         3
 Manifold Assault         Tloc           9%         N/A       92%         5


Dungeon Overview and Level Annotations

Branches:
Dungeon (2/15)

Altars:

Annotations:
D:2 Natasha


Innate Abilities, Weirdness & Mutations

You are amphibious.
You cover ground slowly.
You can hop short distances.
You have an extended range of vision and can be seen from far away.


Message History

Natasha claws you but does no damage.
You completely miss Natasha.
Natasha is heavily wounded.
Natasha casts a spell.
You slash Natasha!
You kill Natasha!
You hear a faint echoing roar filled with hate and sorrow!
The shadow imp disappears in a puff of smoke!
You have reached level 3!
Your experience leads to an increase in your attributes!
Increase (S)trength, (I)ntelligence, or (D)exterity?
You feel stronger.
Unknown command.
You start resting.
You are starting to lose your buoyancy.
You start resting.
You float gracefully downwards.
You start resting.
Natasha, Servant of Life and Death comes into view.
Natasha is nearby!
You start resting.
Natasha is nearby!
Natasha is nearby!
Natasha hisses angrily.
Natasha claws you. x2
You are too injured to fight recklessly!
You are too injured to fight recklessly!
You are too injured to fight recklessly!
You barely miss Natasha. Natasha claws you.
* * * LOW HITPOINT WARNING * * *
You barely miss Natasha. Natasha closely misses you.
You barely miss Natasha. Natasha claws you but does no damage.
You hit Natasha.
Natasha is moderately wounded.
Natasha claws you but does no damage.
You hit Natasha.
Natasha is heavily wounded.
Natasha mewls in sadness.
Natasha claws you!
You die...

# ##. ####.#
#.... ......## .
.. .. ....
#.#.##.# #..# #
#.#....###..##.#
#...†.......h..
#!.#####..# ###
#..h......# ...
##@#####.###.##
#.# #.##...#
#.#####.#..#
#.##......##
#.##.##>#..#..#
#.## #.[....#
##.##. #.######
......##.########
##...............


You could see Natasha.

Vanquished Creatures
  Natasha (D:2)
  A worm (D:2)
  A dart slug (D:1)
  A ball python (D:1)
  2 endoplasms (D:1)
  A giant cockroach (D:1)
  A goblin (D:1)
  A hobgoblin (D:1)
  A kobold (D:2)
  2 quokkas (D:1)
  4 bats (D:1)
  A frilled lizard (D:2)
17 creatures vanquished.

Notes
Turn   | Place    | Note
-------+----------+-------------------------------------------
     0 | D:1      | Malachi the Barachi Warper began the quest for the Orb.
     0 | D:1      | Reached XP level 1. HP: 17/17 MP: 3/3
     8 | D:1      | Found a faded altar of an unknown god.
   676 | D:1      | Reached XP level 2. HP: 20/23 MP: 5/5
  1082 | D:1      | Learned a level 2 spell: Blink
  2178 | D:2      | Noticed Natasha
  2190 | D:2      | HP: 1/24 [Natasha (4)]
  2193 | D:2      | Killed Natasha
  2194 | D:2      | Reached XP level 3. HP: 2/30 MP: 6/6
  2341 | D:2      | Noticed Natasha
  2383 | D:2      | Slain by Natasha

Illustrated notes

Levels and vault maps discovered:
D:1:      wander_arrival_peaceful_grave, layout_basic,
          chequers_ecumenical_altar_simple_redux
D:2:      layout_loops_ring, basic_altar, uniq_natasha

Skill      XL: |  1  2 |
---------------+-------+-----
Fighting       | 3 |  3.7
Long Blades    | 3 |  3.8
Throwing       | |  1.0
Armour         | |  1.2
Dodging        | |  2.1
Spellcasting   | |  2.1
Translocations | |  3.2

Action                   || total
-------------------------++-------
Melee: Falchion          ||    76
  Use: Potion            ||     2
 Stab: Sleeping          ||     1
Armor: Leather armour    ||    18
Dodge: Dodged            ||    40
       Rpst.: Falchion   ||     6
